 Dungeon Crawl Stone Soup version 0.26-a0-52-gd53d4cd (webtiles) character file.

Game seed: 3149505713005694945

182602 Faca the Bludgeoner (level 17, -3/163 HPs)
             Began as a Green Draconian Fighter on June 5, 2020.
             Was the Champion of Okawaru.
             Slain by a spriggan rider
             ... wielding a cursed -1 spear
              (10 damage)
             ... on level 4 of the Swamp.
             The game lasted 01:05:47 (35787 turns).

Faca the Bludgeoner (Green Draconian Fighter)      Turns: 35787, Time: 01:05:48

Health: -3/163     AC: 16    Str: 30    XL:     17   Next: 71%
Magic:  22/24      EV: 16    Int: 11    God:    Okawaru [******]
Gold:   1460       SH: 28    Dex: 11    Spells: 16/16 levels left

rFire    + . .     SeeInvis +   I - +7 demon whip (elec)
rCold    + + +     Gourm    .   F - +0 tower shield (curse)
rNeg     + . .     Faith    .   (armour unavailable)
rPois    +         Spirit   .   U - +1 hat "Fesch" {rN+}
rElec    .         Reflect  +   A - scarf {+Inv}
rCorr    .         Harm     .   P - +2 pair of gloves {Str+3}
MR       +....                  S - +2 pair of boots {run}
Stlth    ++........             f - amulet of reflection
HPRegen  0.37/turn              Q - ring "Allawiso" {+Blink rC+++ Str+4 SInv Stlth-}
MPRegen  0.19/turn              a - ring of Ibef {Wiz rF+ Slay+3}

@: heroism, constricted, studying Throwing, quick
A: breathe noxious fumes, unfitting armour, stinger 1, blurry vision 1, poison
resistance, cold-blooded, AC +9
a: Breathe Noxious Fumes, Heroism, Finesse, Renounce Religion, Evoke Blink,
Evoke Invisibility


You were on level 4 of the Swamp.
You worshipped Okawaru.
Okawaru was exalted by your worship.
You were very hungry.

You visited 5 branches of the dungeon, and saw 28 of its levels.
You visited 1 bazaar.
You also visited: Gauntlet.

You collected 3125 gold pieces.
You spent 1665 gold pieces at shops.

Inventory:

Hand Weapons
 m - a +4 vorpal eveningstar
 I - a +7 demon whip of electrocution (weapon)
Missiles
 l - 15 javelins
 q - 38 boomerangs (quivered)
 w - 3 throwing nets
 N - 14 silver javelins
Armour
 A - a scarf of invisibility (worn)
 F - a cursed +0 tower shield (worn)
 P - a +2 pair of gloves of strength (worn)
 S - a +2 pair of boots of running (worn)
 U - the +1 hat "Fesch" (worn) {rN+}
   (Okawaru gifted it to you on level 6 of the Lair of Beasts)

   It protects you from negative energy.
Jewellery
 a - the ring of Ibef (right hand) {Wiz rF+ Slay+3}
   (You found it on level 7 of the Dungeon)

   [ring of wizardry]

   It improves your spell success rate.
   It affects your accuracy and damage with ranged weapons and melee attacks
   (+3).
   It protects you from fire.
 f - an amulet of reflection (around neck)
 t - the ring "Usafyuruca" {MR+ Int+2}
   (You found it on level 7 of the Dungeon)

   [ring of protection from magic]

   It affects your intelligence (+2).
   It affects your resistance to hostile enchantments.
 z - an uncursed ring of resist corrosion
 J - the ring of Recklessness {rElec rC+ Str+2 Int+4}
   (You found it in a Gauntlet)

   [ring of protection from cold]

   It affects your strength (+2).
   It affects your intelligence (+4).
   It protects you from cold.
   It insulates you from electricity.
 Q - the ring "Allawiso" (left hand) {+Blink rC+++ Str+4 SInv Stlth-}
   (You bought it in a shop on level 2 of the Orcish Mines)

   [ring of see invisible]

   It affects your strength (+4).
   It renders you almost immune to cold.
   It lets you see invisible.
   It lets you blink.
   It makes you less stealthy.
Wands
 y - a wand of iceblast (12)
 C - a wand of digging (5)
 G - a wand of acid (13)
 K - a wand of paralysis (10)
Scrolls
 c - 4 scrolls of teleportation
 i - 2 scrolls of fear
 o - 3 scrolls of immolation
 p - a scroll of silence
 r - a scroll of brand weapon
 u - 2 scrolls of magic mapping
 x - 4 scrolls of fog
 B - 5 scrolls of blinking
 E - 7 scrolls of identify
 H - 2 scrolls of summoning
 O - 4 scrolls of enchant armour
 V - 3 scrolls of remove curse
Potions
 b - a potion of stabbing
 e - 2 potions of cancellation
 g - 4 potions of lignification
 h - a potion of ambrosia
 j - 5 potions of invisibility
 k - 7 potions of curing
 n - 3 potions of heal wounds
 s - 3 potions of haste
 D - 3 potions of might
 R - 3 potions of mutation
 T - a potion of resistance
Books
 L - a manual of Throwing
Miscellaneous
 v - a tin of tremorstones (3/3)
Comestibles
 d - 53 rations


   Skills:
 + Level 17.7(22.7) Fighting
 + Level 18.4(23.4) Maces & Flails
 + Level 6.1(11.1) Throwing
 + Level 11.8(16.8) Dodging
 + Level 12.7(17.7) Shields
 - Level 10.0 Invocations


You had 16 spell levels left.
You didn't know any spells.
Your spell library contained the following spells:

 Spells                   Type           Power        Failure   Level  Hunger
 Animate Skeleton         Necr           N/A          32%         1    ##.....
 Beastly Appendage        Tmut           #.....       32%         1    ##.....
 Magic Dart               Conj           #...         32%         1    ##.....
 Pain                     Necr           #...         32%         1    ##.....
 Sandblast                Erth           #.....       32%         1    ##.....
 Summon Small Mammal      Summ           #...         32%         1    ##.....
 Blink                    Tloc           N/A          45%         2    ###....
 Call Imp                 Summ           #.......     45%         2    ###....
 Passwall                 Tmut/Erth      #.......     45%         2    ###....
 Slow                     Hex            #.......     45%         2    ###....
 Call Canine Familiar     Summ           #.......     69%         3    ####...
 Conjure Flame            Conj/Fire      #.......     69%         3    ####...
 Mephitic Cloud           Conj/Pois/Air  #.......     69%         3    ####...
 Stone Arrow              Conj/Erth      #.....       69%         3    ####...
 Summon Guardian Golem    Hex/Summ       #.......     69%         3    ####...
 Vampiric Draining        Necr           #.........   69%         3    ####...
 Animate Dead             Necr           N/A          96%         4    #####..
 Petrify                  Tmut/Erth      #.......     96%         4    #####..
 Summon Ice Beast         Ice/Summ       #.......     96%         4    #####..
 Summon Lightning Spire   Summ/Air       #.......     96%         4    #####..
 Agony                    Necr           #.......     100%        5    ######.
 Irradiate                Conj/Tmut      #.........   100%        5    ######.
 Lee's Rapid Deconstruct  Erth           #.........   100%        5    ######.
 Death Channel            Necr           #.........   100%        6    #######
 Eringya's Noxious Bog    Tmut/Pois      #.........   100%        6    #######
 Hydra Form               Tmut           #.........   100%        6    #######
 Statue Form              Tmut/Erth      #........    100%        6    #######
 Dragon Form              Tmut           #.........   100%        7    #######
 Chain Lightning          Conj/Air       #.........   100%        8    #######
 Lehudib's Crystal Spear  Conj/Erth      #.........   100%        8    #######
 Absolute Zero            Ice            #.........   100%        9    #######
 Fire Storm               Conj/Fire      #.........   100%        9    #######


Dungeon Overview and Level Annotations

Branches:
Dungeon (15/15)            Temple (1/1) D:4            Lair (6/6) D:11
  Swamp (4/4) Lair:4       Spider (0/4) Lair:2        Slime (0/5) Lair:5
    Orc (2/2) D:12            Elf (0/3) Orc:2        Vaults (0/5) D:14
 Depths (0/5) D:15        Gauntlet (visited)

Altars:
Ashenzari
Cheibriados
Dithmenos
Fedhas
Gozag
Kikubaaqudgha
Makhleb
Nemelex Xobeh
Okawaru
Ru
Wu Jian
Xom
Zin
The Shining One
Beogh
Jiyva

Shops:
D:4 *   D:5 (   D:6 =   D:9 (   D:13 *   Orc:2 [*(=

Annotations:
D:7 3 runed translucent doors, axecop's ghost, novice DsWn
Lair:4 exclusion: 4 oklob plants


Innate Abilities, Weirdness & Mutations

You can breathe blasts of noxious fumes.
Your lurid green scales are hard. (AC +9)
You cannot fit into any form of body armour.
Your tail ends in a poisonous barb.
Your system is resistant to poisons. (rPois)
You are cold-blooded and may be slowed by cold attacks.
Scrolls take you a little longer to read.


Message History

The large slime creature hits you but does no damage.
You gain the combat prowess of a mighty hero.
You block the spriggan rider's attack. You block the slime creature's attack.
You block the tentacled monstrosity's attack.
The tentacled monstrosity tentacle-slaps you but does no damage.
You block the tentacled monstrosity's attack.
* * * LOW HITPOINT WARNING * * *
The tentacled monstrosity constricts you.
The slime creature hits you!
* * * LOW HITPOINT WARNING * * *
You block the large slime creature's attack.
The spiny frog croaks.
You whack the tentacled monstrosity!
The tentacled monstrosity is almost dead.
You block the tentacled monstrosity's attack. x2
The tentacled monstrosity tentacle-slaps you but does no damage.
* * * LOW HITPOINT WARNING * * *
The tentacled monstrosity constricts you!
The spriggan rider hits you from afar with a cursed -1 spear!
You die...

♣♣♣♣ ♣♣♣ ♣≈≈≈.
♣♣≈♣♣..≈≈§
♣♣♣♣....≈..≈.
♣♣J..≈.≈≈≈≈..?
♣♣@Ji.F$≈≈≈≈≈≈.
♣DJX≈§..§≈≈≈≈≈≈
♣♣≈.≈≈.≈≈≈≈≈≈≈≈
♣♣♣.≈§.≈.≈≈≈≈..?.
♣.≈.≈.≈≈..≈≈≈..≈≈
≈≈§..§♣♣≈≈≈≈...≈..(
♣≈♣≈♣♣ ♣♣....≈≈≈...
♣ ♣♣ ♣..♣♣§≈≈.≈♣
≈..♣ ♣♣♣♣≈≈


You could see a tentacled monstrosity, a six-headed hydra, a large slime
creature, 2 slime creatures, a spriggan rider and a spiny frog.

Vanquished Creatures
  Jorgrun (Swamp:3)
  A thorn hunter (Swamp:2)
  Kirke (D:15)
  Louise (D:14)
  2 orc warlords
  A stone giant (Orc:2)
  A minotaur (Gauntlet)
  A fire dragon (Lair:6)
  The ghost of Zeldest the Grappler, a journeyman TrNe of Kikubaaqudgha (Orc:1)
  Josephine (D:15)
  2 ogre magi
  5 vault guards (D:14)
  11 hydras
  An ice dragon (Lair:6)
  2 shambling mangroves
  7 two-headed ogres
  2 centaur warriors
  8 alligators
  A hell hog (Gauntlet)
  A vampire mage (D:15)
  An orc high priest (Orc:2)
  2 tengu warriors (D:14)
  Urug (Orc:1)
  Nergalle (Lair:3)
  6 skeletal warriors
  3 spriggans
  A spriggan druid (Swamp:3)
  An unseen horror (D:13)
  4 swamp dragons
  A necromancer (D:15)
  5 orc knights
  4 wizards (D:15)
  3 lindwurms
  A phantasmal warrior (D:15)
  5 orc sorcerers
  3 deep elf magi (D:15)
  A manticore (D:11)
  3 cyclopes
  8 ugly things
  A rust devil (Gauntlet)
  An elephant (Lair:6)
  4 black mambas
  20 spiny frogs
  5 torpor snails (Lair:6)
  7 rime drakes
  4 komodo dragons
  A spriggan skeleton (D:15)
  3 meliai (Lair:5)
  9 trolls
  12 tyrant leeches
  12 hornets
  2 polar bears
  Prince Ribbit (Lair:3)
  A queen bee (Lair:5)
  A wind drake (shapeshifter) (D:14)
  8 bog bodies
  A hippogriff (shapeshifter) (D:14)
  2 deep troll zombies (D:15)
  A spriggan zombie (D:15)
  4 dream sheep (Lair:5)
  29 blink frogs
  31 slime creatures
  A meliai zombie (D:14)
  9 hippogriffs
  A tarantella (Lair:2)
  2 vampires
  A shadow (Swamp:2)
  5 wyverns
  A redback (shapeshifter) (D:15)
  5 wraiths
  Sigmund (D:2)
  A ynoxinul (Gauntlet)
  5 hogs
  7 fire bats
  Eustachio (D:5)
  6 basilisks
  63 yaks
  7 humans
  A chaos spawn (Gauntlet)
  A neqoxec (Gauntlet)
  3 hungry ghosts
  2 steam dragons (Lair:6)
  20 vampire mosquitoes
  5 wargs
  9 swamp worms
  3 acid dragons
  16 water moccasins
  A soldier ant (D:15)
  4 hell hounds
  5 porcupines
  6 ice beasts
  A black bear (shapeshifter) (D:12)
  2 eyes of draining
  35 orc warriors
  4 swamp drakes
  4 black bears
  6 necrophages
  2 phantoms
  3 centaurs
  6 sky beasts
  11 ogres
  19 wolves
  23 crocodiles
  A big kobold (D:11)
  25 bullfrogs
  A wyvern skeleton (D:14)
  4 scorpions
  24 killer bees
  21 wights
  2 electric eels (Lair:3)
  3 bullfrog zombies
  4 lava snakes
  7 crimson imps
  4 bullfrog skeletons
  4 hounds
  3 jellies
  22 orc priests
  17 orc wizards
  3 iron imps (Gauntlet)
  2 iguanas
  4 centaur skeletons
  9 worker ants
  A spectral hound (D:10)
  A hound zombie (D:6)
  A hound skeleton (D:10)
  A howler monkey zombie (D:10)
  A worker ant zombie (D:7)
  9 adders
  A howler monkey skeleton (D:6)
  4 gnolls (D:7)
  5 shadow imps
  An ooze (D:4)
  2 adder skeletons
  A dart slug (D:1)
  4 leopard geckos
  74 orcs
  2 ball pythons
  4 bats
  6 giant cockroaches
  8 goblins
  5 hobgoblins
  11 kobolds
  3 quokkas
  3 frilled lizards
  5 rats
  A fire vortex (D:10)
887 creatures vanquished.

Vanquished Creatures (others)
  A vault guard (D:14)
  A spiny frog (Lair:5)
  A hornet (Swamp:1)
  An orc priest (Orc:2)
  A demonic plant (Gauntlet)
  10 fungi
  40 plants
  2 withered plants (D:15)
57 creatures vanquished.

Grand Total: 944 creatures vanquished

Notes
Turn   | Place    | Note
-------+----------+-------------------------------------------
     0 | D:1      | Faca the Draconian Fighter began the quest for the Orb.
     0 | D:1      | Reached XP level 1. HP: 19/19 MP: 1/1
   216 | D:1      | Reached XP level 2. HP: 23/26 MP: 2/2
  1286 | D:2      | Reached XP level 3. HP: 33/33 MP: 3/3
  1318 | D:2      | Reached skill level 3 in Maces & Flails
  1381 | D:2      | Reached XP level 4. HP: 41/41 MP: 4/4
  1707 | D:2      | Noticed Sigmund
  1713 | D:2      | Killed Sigmund
  1713 | D:2      | Reached skill level 5 in Fighting
  1713 | D:2      | Reached skill level 4 in Maces & Flails
  1713 | D:2      | Reached XP level 5. HP: 25/49 MP: 5/5
  2337 | D:3      | Reached XP level 6. HP: 42/57 MP: 6/6
  2928 | D:4      | Got a scorched spear
  2929 | D:4      | Identified the +8 spear of the Mouth {holy, Dex+4} (You
                  | found it on level 4 of the Dungeon)
  2992 | D:4      | Found a staircase to the Ecumenical Temple.
  2995 | D:4      | Reached skill level 5 in Maces & Flails
  3001 | Temple   | Entered the Ecumenical Temple
  3067 | Temple   | Became a worshipper of Warmaster Okawaru
  3114 | D:4      | Found Qocehuq's Assorted Antiques.
  3122 | D:4      | Bought a scroll labeled WAHIUSHR IKHLA for 18 gold pieces
  3390 | D:5      | Entered Level 5 of the Dungeon
  3406 | D:5      | Noticed Eustachio
  3426 | D:5      | Killed Eustachio
  3426 | D:5      | Your scales start taking on a lurid green colour.
  3426 | D:5      | Reached XP level 7. HP: 37/64 MP: 7/7
  3426 | D:5      | Gained mutation: Your system is resistant to poisons.
                  | (rPois) [Green Draconian growth]
  3819 | D:5      | Reached skill level 6 in Maces & Flails
  4013 | D:5      | Found Cashibum's Antique Weapon Shop.
  4076 | D:5      | Reached * piety under Okawaru
  4330 | D:5      | Found an iron altar of Okawaru.
  4760 | D:6      | Reached XP level 8. HP: 55/74 MP: 8/8
  4965 | D:6      | Reached skill level 7 in Maces & Flails
  5163 | D:6      | Reached ** piety under Okawaru
  5385 | D:6      | Found Tariz's Jewellery Emporium.
  5601 | D:6      | Reached skill level 8 in Maces & Flails
  6474 | D:7      | Reached XP level 9. HP: 69/85 MP: 9/9
  6484 | D:7      | Reached skill level 10 in Fighting
  6506 | D:7      | Reached *** piety under Okawaru
  6506 | D:7      | Reached skill level 9 in Maces & Flails
  7188 | D:7      | Found a runed translucent gate.
  7188 | D:7      | Found a runed translucent gate.
  7188 | D:7      | Found a runed translucent gate.
  7188 | D:7      | Noticed axecop's ghost (novice DsWn)
  7489 | D:7      | Noticed a troll
  7505 | D:7      | Killed a troll
  7505 | D:7      | Reached skill level 10 in Maces & Flails
  7797 | D:6      | Reached **** piety under Okawaru
  8049 | D:7      | Got a warped bone ring
  8050 | D:7      | Identified the ring of Ibef {Wiz rF+ Slay+3} (You found it
                  | on level 7 of the Dungeon)
  8053 | D:7      | Got a clouded jade ring
  8055 | D:7      | Identified the ring "Odel" {Fire +Blink Dex+3 Slay+3
                  | Stlth+} (You found it on level 7 of the Dungeon)
  8066 | D:7      | Got a sparkling turquoise ring
  8068 | D:7      | Identified the ring "Usafyuruca" {MR+ Int+2} (You found it
                  | on level 7 of the Dungeon)
  8071 | D:7      | Got an ancient ivory ring
  8073 | D:7      | Identified the cursed ring "Ocereomo" {+Blink rElec Int-4
                  | Stlth+} (You found it on level 7 of the Dungeon)
  8283 | D:8      | Noticed a two-headed ogre
  8410 | D:7      | Killed a two-headed ogre
  8410 | D:7      | Reached XP level 10. HP: 8/97 MP: 10/10
  8934 | D:8      | Noticed a two-headed ogre
  8945 | D:8      | Killed a two-headed ogre
  8945 | D:8      | Reached skill level 11 in Maces & Flails
  9021 | D:8      | Reached ***** piety under Okawaru
  9530 | D:9      | Paralysed by a hornet for 3 turns
  9957 | D:9      | Found an ancient bone altar of Kikubaaqudgha.
 10424 | D:9      | Found Vixi Udgh's Antique Weapon Boutique.
 10478 | D:9      | Found a shattered altar of Ashenzari.
 10690 | D:10     | Entered Level 10 of the Dungeon
 10746 | D:10     | Found a flagged portal.
 11162 | D:10     | Received a gift from Okawaru
 11258 | D:10     | Reached XP level 11. HP: 94/107 MP: 11/11
 11608 | D:10     | Reached skill level 12 in Maces & Flails
 11986 | D:10     | You fall into a shaft and drop 3 floors!
 12224 | D:13     | Found a blossoming altar of Fedhas.
 12438 | D:13     | Noticed a skeletal warrior
 12438 | D:13     | Noticed a skeletal warrior
 12438 | D:13     | Noticed a skeletal warrior
 12439 | D:13     | Noticed a skeletal warrior
 12545 | D:13     | Found Lytununk's General Store.
 12640 | D:12     | Noticed a cyan ugly thing
 12640 | D:12     | Noticed a six-headed hydra
 12653 | D:12     | Killed a six-headed hydra
 12670 | D:12     | Killed a cyan ugly thing
 13044 | D:12     | Noticed a two-headed ogre
 13054 | D:12     | Killed a two-headed ogre
 13187 | D:12     | Reached skill level 5 in Shields
 13467 | D:12     | Received a gift from Okawaru
 13648 | D:12     | Reached skill level 5 in Dodging
 14010 | D:12     | Reached XP level 12. HP: 86/116 MP: 12/12
 14599 | D:11     | Received a gift from Okawaru
 14689 | D:11     | Found a staircase to the Lair.
 14882 | D:10     | Identified a scroll of acquirement
 14961 | D:11     | You fall into a shaft and drop 3 floors!
 14961 | D:14     | Found a gate leading to a gauntlet.
 14976 | Gauntlet | Entered a Gauntlet
 14976 | Gauntlet | Found a transporter.
 14976 | Gauntlet | Found a transporter.
 14976 | Gauntlet | Noticed a tengu warrior
 14977 | Gauntlet | Found a runed translucent door.
 14979 | Gauntlet | Found a transporter.
 14980 | Gauntlet | Found a transporter.
 14982 | Gauntlet | Found a transporter.
 14982 | Gauntlet | Found a transporter.
 15010 | Gauntlet | Found a transporter.
 15014 | Gauntlet | Found a transporter.
 15024 | Gauntlet | Found a transporter.
 15037 | Gauntlet | Noticed a hell hog
 15040 | Gauntlet | Found a transporter.
 15054 | Gauntlet | Found a transporter.
 15058 | Gauntlet | Found a transporter.
 15116 | Gauntlet | Reached skill level 13 in Maces & Flails
 15145 | Gauntlet | Got a shimmering wooden ring
 15147 | Gauntlet | Identified the ring "Lurhy" {rPois Str-4 Dex+4 Slay+3} (You
                  | found it in a Gauntlet)
 15172 | Gauntlet | Gained mutation: Scrolls take you a little longer to read.
                  | [a neqoxec]
 15206 | Gauntlet | Killed a hell hog
 15223 | Gauntlet | Got a warped lapis lazuli ring
 15230 | Gauntlet | Identified the ring of Recklessness {rElec rC+ Str+2 Int+4}
                  | (You found it in a Gauntlet)
 15253 | Gauntlet | Noticed a minotaur
 15264 | Gauntlet | Killed a minotaur
 15269 | Gauntlet | Identified the Tome of Unstable Sinister Magic
 15510 | D:14     | Noticed a tengu warrior
 15513 | D:14     | Noticed a tengu warrior
 15523 | D:14     | Killed a tengu warrior
 15532 | D:14     | Killed a tengu warrior
 15601 | D:14     | You fall into a shaft and drop 1 floor!
 15601 | D:15     | Entered Level 15 of the Dungeon
 15613 | D:15     | Noticed an ogre mage
 15617 | D:15     | Noticed a vampire mage
 15617 | D:14     | Noticed a four-headed hydra
 15621 | D:14     | Killed an ogre mage
 15625 | D:14     | Killed a four-headed hydra
 15632 | D:14     | Received a gift from Okawaru
 15632 | D:14     | Reached skill level 14 in Maces & Flails
 15647 | D:14     | Noticed a centaur warrior
 15659 | D:14     | Killed a centaur warrior
 15659 | D:14     | Reached ****** piety under Okawaru
 15734 | D:14     | Killed a vault guard
 15915 | D:14     | Reached XP level 13. HP: 56/125 MP: 13/13
 16524 | D:14     | Reached skill level 15 in Fighting
 16912 | D:13     | Bought a scroll of enchant weapon for 127 gold pieces
 17447 | D:12     | Received a gift from Okawaru
 17569 | D:12     | Found a staircase to the Orcish Mines.
 18029 | Lair:1   | Entered Level 1 of the Lair of Beasts
 18062 | Lair:1   | Reached skill level 15 in Maces & Flails
 18940 | Lair:2   | Found a hole to the Spider Nest.
 19596 | Lair:3   | Noticed Nergalle
 19607 | Lair:3   | Killed Nergalle
 20140 | Lair:3   | Noticed Prince Ribbit
 20149 | Lair:3   | Killed Prince Ribbit
 20149 | Lair:3   | Received a gift from Okawaru
 20182 | Lair:3   | Identified a +1 pair of boots of running (Okawaru gifted it
                  | to you on level 3 of the Lair of Beasts)
 20896 | Lair:4   | Found a staircase to the Swamp.
 20973 | Lair:4   | Reached skill level 1 in Invocations
 20973 | Lair:4   | Gained mutation: Your tail ends in a poisonous barb. [Green
                  | Draconian growth]
 20973 | Lair:4   | Reached XP level 14. HP: 65/136 MP: 14/14
 21480 | Lair:4   | Reached skill level 16 in Maces & Flails
 22091 | Lair:5   | Reached skill level 10 in Shields
 22351 | Lair:5   | You fall into a shaft and drop 1 floor!
 22351 | Lair:6   | Entered Level 6 of the Lair of Beasts
 22480 | Lair:6   | Received a gift from Okawaru
 23853 | Lair:5   | Found a viscous altar of Jiyva.
 23853 | Lair:5   | Found a staircase to the Slime Pits.
 24224 | D:4      | Bought a scroll of remove curse for 54 gold pieces
 24578 | Lair:6   | Reached skill level 5 in Invocations
 24705 | Lair:6   | Found a glowing golden altar of the Shining One.
 25006 | Lair:6   | Reached skill level 10 in Dodging
 25327 | Lair:6   | Reached skill level 17 in Maces & Flails
 25525 | Lair:6   | Received a gift from Okawaru
 25528 | Lair:6   | Got a brightly glowing hat {god gift}
 25534 | Lair:6   | Identified the +1 hat "Fesch" {rN+} (Okawaru gifted it to
                  | you on level 6 of the Lair of Beasts)
 25543 | Lair:6   | Found a runed translucent door.
 25559 | Lair:6   | Reached XP level 15. HP: 139/145 MP: 19/19
 26269 | Orc:1    | Entered Level 1 of the Orcish Mines
 26271 | Orc:1    | Noticed Urug
 26282 | Orc:1    | Killed Urug
 26359 | Orc:2    | Entered Level 2 of the Orcish Mines
 26841 | Orc:2    | Noticed an orc warlord
 26863 | Orc:2    | Killed an orc warlord
 26956 | Orc:2    | Found a staircase to the Elven Halls.
 27002 | Orc:2    | Found a flickering gateway to a bazaar.
 27041 | Bazaar   | Entered a bazaar
 27044 | Bazaar   | Found Zeusyumn's Gadget Shop.
 27057 | Bazaar   | Found Elawn's Book Shop.
 27075 | Bazaar   | Found Beqe's Magic Scroll Shop.
 27080 | Bazaar   | Bought a scroll of silence for 52 gold pieces
 27080 | Bazaar   | Bought a scroll of brand weapon for 140 gold pieces
 27080 | Bazaar   | Bought a scroll of enchant armour for 52 gold pieces
 27080 | Bazaar   | Bought 2 scrolls of blinking for 105 gold pieces
 27080 | Bazaar   | Bought a scroll of blinking for 52 gold pieces
 27088 | Bazaar   | Found Suv Beek's Antique Weapon Boutique.
 27203 | Orc:2    | Found a roughly hewn altar of Beogh.
 27209 | Orc:2    | Found Veorufuojo's General Store.
 27246 | Orc:2    | Found Ofigiasagi's Antique Armour Emporium.
 27508 | Orc:1    | Noticed an orc warlord
 27513 | Orc:1    | Found a runed translucent door.
 27523 | Orc:1    | Killed an orc warlord
 27541 | Orc:1    | Noticed Zeldest's ghost (journeyman TrNe)
 28093 | Orc:1    | Killed Zeldest's ghost
 28268 | Orc:2    | Found Diuhacw's Antique Weapon Emporium.
 28305 | Orc:2    | Found Huhoi's Jewellery Emporium.
 28311 | Orc:2    | Bought the ring "Allawiso" {+Blink rC+++ Str+4 SInv Stlth-}
                  | for 1065 gold pieces
 28586 | D:13     | Found an opulent altar of Gozag.
 28796 | D:13     | Received a gift from Okawaru
 29046 | D:14     | Noticed Louise
 29057 | D:14     | Killed Louise
 29874 | D:14     | Found a gate to the Vaults.
 30140 | D:15     | Found a shimmering altar of Xom.
 30157 | D:15     | Found a staircase to the Depths.
 30162 | D:15     | Reached skill level 18 in Maces & Flails
 30223 | D:15     | Reached XP level 16. HP: 90/155 MP: 22/22
 30483 | D:15     | Noticed Josephine
 30492 | D:15     | Killed Josephine
 30492 | D:15     | Received a gift from Okawaru
 30910 | D:15     | Found a shadowy altar of Dithmenos.
 30982 | D:15     | Noticed Kirke
 30999 | D:15     | Killed Kirke
 31270 | D:15     | Found the +12 glaive of Prune {vorpal}
 31572 | Swamp:1  | Entered Level 1 of the Swamp
 33881 | Swamp:2  | Reached XP level 17. HP: 162/162 MP: 22/24
 33907 | Swamp:2  | Reached skill level 10 in Invocations
 34021 | Swamp:2  | Reached skill level 5 in Throwing
 35392 | Swamp:3  | Noticed Jorgrun
 35413 | Swamp:3  | Killed Jorgrun
 35747 | Swamp:4  | Entered Level 4 of the Swamp
 35765 | Swamp:4  | Noticed a tentacled monstrosity
 35787 | Swamp:4  | HP: 7/163 [tentacled monstrosity (8)]
 35787 | Swamp:4  | Slain by a spriggan rider

Illustrated notes

Levels and vault maps discovered:
D:1:      matt_arrival_diagonals, layout_basic, minmay_misc_feat_roman
D:2:      layout_loops_corners, uniq_sigmund
D:3:      layout_loops_ring, first_ration
D:4:      layout_loops_cross, minmay_temple_entry_proselytizer, serial_shops,
          shop
D:5:      layout_loops_corners, basic_altar, serial_shops,
          kennysheep_little_box, uniq_eustachio
D:6:      black_bear_nest_2, layout_basic, serial_shops, nicolae_shop_trees
D:7:      minmay_the_grid_triangle_9x9_recursive_2
          [minmay_the_grid_triangle_9x9_prize_special,
          minmay_the_grid_triangle_9x9_minimal,
          minmay_the_grid_triangle_9x9_corrupted_corridor,
          minmay_the_grid_triangle_9x9_swiss_cheese], layout_basic,
          ebering_ghost_rock_garden, grunt_livestock
D:8:      layout_cave_pools, kennysheep_pointless_box
D:9:      layout_long_grid, lemuel_doored_altar, serial_shops,
          nicolae_shop_waterfront, basic_altar
D:10:     layout_stronghold, enter_bailey_2, hangedman_weighted_door, hex_tiny,
          hangedman_incinerator
D:11:     layout_long_grid, lair_entry_dummy, wad_floor_pattern_2
D:12:     layout_roguey, erik_orc_1
D:13:     layout_long_grid, serial_shops, shop, basic_altar,
          fedhas_altar_fruit_tree
D:14:     layout_cave_pools, ximxim_vaults_locker_room, gauntlet_entry_generic,
          minmay_misc_feat_secret_circle, uniq_louise
D:15:     gammafunk_depths_entry_grave, layout_irregular_city,
          nicolae_dithmenos_the_darkroom, basic_altar,
          hangedman_decor_clover_reticule, minmay_guarded_unrand_prune,
          uniq_kirke, uniq_josephine
Temple:   roderic_octagonal_lattice_temple
Lair:1:   layout_roguey, grunt_megastairs_3, lemuel_fruit_tree
Lair:2:   layout_regular_city, spider_nest_entry_rubble
Lair:3:   layout_loops_ring, roderic_carrion_pond, serial_bayou_shore_a,
          uniq_nergalle, uniq_prince_ribbit2
Lair:4:   layout_gridlike, minmay_swamp_entry_swarm, serial_bayou_shore_b,
          minmay_lair_oklob_chamber, grunt_megastairs_5
Lair:5:   layout_misc_corridors, dpeg_slime_entry_enclosed_altar, special_room
          [special_room_bee], infiniplex_staircase_pool
Lair:6:   guppyfry_lair_end_dragon, layout_cave_shapes, wormcave, basic_altar,
          st_stairs_12, serial_bayou_pond_c
Swamp:1:  layout_basic_swamp, hangedman_swamp_ruin_wall,
          nicolae_swamp_fairy_circle, swamp_pool1
Swamp:2:  layout_falls_marsh, nicolae_swamp_dense_foliage
Swamp:3:  layout_falls_marsh, serial_swamp_ruin, evilmike_swamp_ruin_rubble_2,
          evilmike_swamp_ruin_house_6, uniq_jorgrun
Swamp:4:  swamp_vile, layout_basic_swamp
Orc:1:    layout_caves, ebering_ghost_inner_flame, enter_volcano_2, uniq_urug
Orc:2:    grunt_orc_cross, layout_diamond_mine, serial_shops,
          bzr_entry_customers

Skill      XL: |  1  2  3  4  5  6  7  8  9 10 11 12 13 14 15 16 17 |
---------------+----------------------------------------------------+-----
Fighting       | 4 5 6 8 9 11 13 14 15 16 17 | 17.7
Maces & Flails | 3 4 5 6 8 10 11 12 14 15 17 18 | 18.4
Dodging        | 5 7 9 10 11 | 11.8
Shields        | 5 8 9 10 11 12 | 12.7
Invocations    | 1 5 8 9 10 | 10.0
Throwing       | 4 6 |  6.1

Action                   |  1- 3 |  4- 6 |  7- 9 | 10-12 | 13-15 | 16-18 || total
-------------------------+-------+-------+-------+-------+-------+-------++-------
Melee: Flail             |    86 |    89 |       |   185 |       |       ||   360
       Tailslap          |     5 |    13 |    45 |   132 |   225 |    96 ||   516
       Spear             |       |    27 |   268 |   197 |       |       ||   492
       Demon whip        |       |       |       |   296 |  1380 |   448 ||  2124
       Unarmed           |       |       |       |       |       |     3 ||     3
Throw: Boomerang         |       |       |       |     1 |     3 |       ||     4
Invok: Heroism           |       |       |     1 |     8 |     8 |     2 ||    19
       Finesse           |       |       |       |     2 |     4 |       ||     6
 Abil: Breathe Noxious F |       |       |     3 |     2 |     3 |       ||     8
Evoke: Wand              |       |       |       |       |     3 |       ||     3
  Use: Scroll            |     2 |     5 |     5 |    17 |    11 |     3 ||    43
       Potion            |       |     1 |     1 |     1 |     3 |     3 ||     9
 Stab: Sleeping          |       |     2 |     3 |     7 |     1 |       ||    13
       Confused          |       |       |       |     2 |     2 |       ||     4
       Distracted        |       |       |       |     1 |     1 |       ||     2
  Eat: Chunk             |     2 |     6 |    12 |    14 |    34 |     6 ||    74
       Ration            |       |       |     1 |     4 |     3 |     3 ||    11
Armor: Skin              |    34 |    13 |    21 |   114 |   132 |    47 ||   361
Dodge: Dodged            |    45 |    36 |    80 |   163 |   349 |    72 ||   745
Block: Kite shield       |    48 |    78 |   177 |   406 |   734 |       ||  1443
       Reflection        |       |     1 |       |    11 |    13 |    14 ||    39
       Tower shield      |       |       |       |       |   107 |   363 ||   470
       Other             |       |       |       |       |       |     1 ||     1

Table legend:
 A = Non-vault XP
 B = Vault XP
 C = Vault XP percentage of total XP
 D = Non-vault monster count
 E = Vault monster count
 F = Vault count percentage of total count
                 A         B        C        D         E       F
            +---------+---------+-------+---------+---------+-------
      Total |  136671 |   64786 |  32.2 |     662 |     224 |  25.3
            +---------+---------+-------+---------+---------+-------
        D:1 |      32 |       0 |   0.0 |      18 |       0 |   0.0
        D:2 |     102 |     212 |  67.5 |      17 |       1 |   5.6
        D:3 |      41 |       0 |   0.0 |      13 |       0 |   0.0
        D:4 |     146 |      41 |  21.9 |       8 |       1 |  11.1
        D:5 |     583 |     203 |  25.8 |       9 |       1 |  10.0
        D:6 |    1121 |     344 |  23.5 |      18 |       2 |  10.0
        D:7 |    1993 |    1749 |  46.7 |      25 |      11 |  30.6
        D:8 |    1697 |     121 |   6.7 |      21 |       1 |   4.5
        D:9 |    1249 |       0 |   0.0 |      14 |       0 |   0.0
       D:10 |    1334 |    1162 |  46.6 |      24 |      12 |  33.3
       D:11 |    2288 |       0 |   0.0 |      23 |       0 |   0.0
       D:12 |   12263 |     582 |   4.5 |      55 |      17 |  23.6
       D:13 |    8658 |       0 |   0.0 |      45 |       0 |   0.0
       D:14 |   12674 |    8873 |  41.2 |      34 |      13 |  27.7
       D:15 |    4810 |   13011 |  73.0 |      14 |      23 |  62.2
     Lair:1 |    1117 |    1794 |  61.6 |       6 |      11 |  64.7
     Lair:2 |    3397 |     235 |   6.5 |      16 |       1 |   5.9
     Lair:3 |    6742 |    2752 |  29.0 |      29 |      11 |  27.5
     Lair:4 |    7250 |    1010 |  12.2 |      25 |       7 |  21.9
     Lair:5 |    6971 |    2453 |  26.0 |      28 |      24 |  46.2
     Lair:6 |   14592 |   12178 |  45.5 |      61 |      32 |  34.4
    Swamp:1 |    7073 |       0 |   0.0 |      20 |       0 |   0.0
    Swamp:2 |   16740 |       0 |   0.0 |      34 |       0 |   0.0
    Swamp:3 |   10746 |    3059 |  22.2 |      31 |       1 |   3.1
    Swamp:4 |    1776 |       0 |   0.0 |       5 |       0 |   0.0
      Orc:1 |    7325 |    1906 |  20.6 |      49 |       2 |   3.9
      Orc:2 |    3951 |    8821 |  69.1 |      20 |      38 |  65.5
   Gauntlet |       0 |    4280 | 100.0 |       0 |      15 | 100.0
            +---------+---------+-------+---------+---------+-------
